 Dungeon Crawl Stone Soup version 0.32-a0-314-g526f7d4993 (webtiles) character file.

Game seed: 11804331874152035186

375 jasper the Cleaver (level 6, -3/51 HPs)
             Began as a Mountain Dwarf Fighter on Feb 15, 2024.
             Slain by a gnoll
             ... wielding a +0 halberd
              (4 damage)
             ... on level 4 of the Dungeon.
             The game lasted 00:05:56 (2647 turns).

jasper the Cleaver (Mountain Dwarf Fighter)         Turns: 2647, Time: 00:05:57

Health: -3/51      AC: 12    Str: 20    XL:     6   Next: 44%
Magic:  0/6        EV:  5    Int:  9    God:
Gold:   111        SH:  4    Dex:  9    Spells: 5/5 levels left

rFire   . . .        a - +0 war axe
rCold   . . .        c - +0 buckler
rNeg    . . .        g - +0 plate armour
rPois   .            (no helmet)
rElec   .            (no cloak)
rCorr   .            m - +0 pair of gloves
SInv    .            (no boots)
Will    .....        p - amulet of guardian spirit Stlth
                     (no ring)
HPRegen 0.28/turn    (no ring)
MPRegen 0.10/turn

%: guardian spirit
@: lethally poisoned (-3 -> -30)
A: runic magic, artefact enchanting
a: no special abilities


You were on level 4 of the Dungeon.
You visited 1 branch of the dungeon, and saw 4 of its levels.

You collected 111 gold pieces.

Inventory:

Hand Weapons
 a - a +0 war axe (weapon)
 q - a +2 whip of freezing
Missiles
 l - 56 stones (quivered)
 n - 3 poisoned darts
 o - 6 datura-tipped darts
Armour
 b - a +0 scale mail
 c - a +0 buckler (worn)
 g - a +0 plate armour (worn)
 m - a +0 pair of gloves (worn)
Jewellery
 p - an amulet of guardian spirit (around neck)
Scrolls
 r - a scroll of immolation
 s - a scroll of fear {unknown}
Potions
 d - 2 potions of might
 e - 2 potions of enlightenment {unknown}
 f - 4 potions of lignification {unknown}
 h - a potion of attraction {unknown}
 i - a potion of heal wounds {unknown}
 j - 2 potions of curing {unknown}
 k - a potion of haste {unknown}
 t - a potion of berserk rage {unknown}


   Skills:
 - Level 3.2 Fighting
 + Level 8.4 Axes
 - Level 3.2 Armour
 - Level 3.2 Shields


You had 5 spell levels left.
You didn't know any spells.
Your spell library contained the following spells:

 Spells                   Type           Power      Damage    Failure   Level
 Blink                    Tloc           0%         N/A       87%         2
 Lesser Beckoning         Tloc           0%         N/A       87%         2
 Momentum Strike          Conj/Tloc      0%         3d8       87%         2
 Ozocubu's Armour         Ice            0%         N/A       98%         3
 Metabolic Englaciation   Hex/Ice        0%         N/A       100%        5
 Sculpt Simulacrum        Ice/Alch       0%         N/A       100%        6


Dungeon Overview and Level Annotations

Branches:
Dungeon (4/15)
 Temple: D:4-7

Altars:

Shops:
D:4 :


Innate Abilities, Weirdness & Mutations

Your spellcasting is much less encumbered by armour.
You can use scrolls of enchantment on lesser artefacts.


Message History

You closely miss the gnoll. The gnoll hits you with a +0 flail.
The adder bites you.
You are poisoned.
The adder poisons you!
You take 5 damage, and have 39/51 hp.
You barely miss the adder.
The adder is heavily wounded.
You closely miss the gnoll.
You feel sick. The adder bites you.
You are more poisoned.
The adder poisons you!
The gnoll hits you from afar with a +0 spear of venom!
You are more poisoned.
You block the adder's attack.
You take 9 damage, and have 30/51 hp.
You now have 5/6 mp.
You slash the adder!
You kill the adder!
You slash the gnoll!
You feel extremely sick. You block the gnoll's attack.
The gnoll hits you from afar with a +0 spear of venom.
You take 8 damage, and have 22/51 hp.
You feel very sick. You block the gnoll's attack.
The gnoll hits you with a +0 spear of venom.
You are lethally poisoned!
The gnoll hits you from afar with a +0 halberd!
* * * LOW HITPOINT WARNING * * *
You take 11 damage, and have 11/51 hp.
MASSIVE DAMAGE!!
You now have 4/6 mp.
You hit the gnoll but do no damage. You closely miss the gnoll.
* * * LOW HITPOINT WARNING * * *
You feel extremely sick. The gnoll hits you but does no damage.
The gnoll hits you with a +0 spear of venom.
You are more poisoned.
The gnoll hits you from afar with a +0 halberd.
* * * LOW HITPOINT WARNING * * *
The gnoll hits you with a +0 flail.
* * * LOW HITPOINT WARNING * * *
The gnoll hits you from afar with a +0 halberd.
You die...

#.......#........
+...... #.......#......
#...... #.......#.....
#...... #...##..##..# #
##.....
#...##..##..###+###..
####+##
#....<#...............
.......
#.....#...............
.......
#.....#......g........
.......
#.....#.......@g......
...... #.##.
###....##...##.# #.##..
###.# #....# .g[# #.#
##.. ....# #..... .....
#....#... ....#
#.....#.......#....#...
....#
#.....#.......+....#...
....# ##...##..##..#
#...##..
....########### ### ..#
#...##.. ..†.......#
#.......


You could see 3 gnolls.

Vanquished Creatures
  A scorpion (D:4)
  2 hounds
  An iguana (D:4)
  4 gnolls (D:3)
  2 adders
  2 ribbon worms (D:3)
  5 dart slugs
  6 orcs
  8 ball pythons
  4 endoplasms
  4 giant cockroaches
  5 goblins
  12 hobgoblins
  10 kobolds
  4 quokkas
  6 bats
  4 frilled lizards
  10 rats
90 creatures vanquished.

Notes
Turn   | Place    | Note
-------+----------+-------------------------------------------
     0 | D:1      | jasper the Mountain Dwarf Fighter began the quest for the
                  | Orb.
     0 | D:1      | Reached XP level 1. HP: 19/19 MP: 1/1
    23 | D:1      | Reached skill level 3 in Axes
    56 | D:1      | Reached XP level 2. HP: 23/26 MP: 2/2
   198 | D:1      | Reached skill level 4 in Axes
   289 | D:1      | Reached XP level 3. HP: 25/31 MP: 3/3
   695 | D:2      | Reached skill level 5 in Axes
   894 | D:2      | Reached XP level 4. HP: 32/38 MP: 4/4
  1550 | D:3      | Reached skill level 6 in Axes
  1709 | D:3      | Reached XP level 5. HP: 45/45 MP: 5/5
  1835 | D:3      | Found a faded altar of an unknown god.
  1863 | D:3      | Reached skill level 7 in Axes
  2326 | D:4      | Reached XP level 6. HP: 50/51 MP: 6/6
  2336 | D:4      | Found Niqianno's Vocational Training.
  2422 | D:4      | Reached skill level 8 in Axes
  2647 | D:4      | HP: 2/51 [gnoll/+0 halberd (2)]
  2647 | D:4      | Slain by a gnoll

Illustrated notes

Levels and vault maps discovered:
D:1:      amcnicky_arrival_blooded_trapdoor, layout_rooms, minmay_tromino_v2
D:2:      layout_loops_cross, minmay_hedge_maze
D:3:      layout_basic, hellmonk_ecumenical_altar_blasted, minmay_quadrilaterals
D:4:      layout_gridville, nicolae_shop_vocational

Skill      XL: |  1  2  3  4  5  6 |
---------------+-------------------+-----
Axes           | 3 4 5 6 7 8 |  8.4
Fighting       | |  3.2
Armour         | |  3.2
Shields        | |  3.2

Action                     |  1- 3 |  4- 6 || total
---------------------------+-------+-------++-------
  Melee: War axe           |    92 |   156 ||   248
    Use: Scroll            |     1 |       ||     1
 Armour: Scale mail        |    68 |       ||    68
         Plate armour      |    10 |   147 ||   157
  Dodge: Dodged            |    51 |    46 ||    97
  Block: Buckler           |    25 |    39 ||    64

Table legend: (Time is in decaauts)
 A = Elapsed time spent in this place.
 B = Non-inter-level travel time spent in this place.
 C = Inter-level travel time spent in this place.
 D = Time resting spent in this place.
 E = Time spent auto-exploring this place.
 F = Levels seen in this place.
 G = Mean time per level.
                   A        B        C        D        E       F      G
               +--------+--------+--------+--------+--------+-----+--------+
         Total |   2714 |   2644 |     70 |    133 |   1774 |   4 |  678.5 |
       Dungeon |   2714 |   2644 |     70 |    133 |   1774 |   4 |  678.5 |
               +--------+--------+--------+--------+--------+-----+--------+

Top non-repeatable levels by time:
     D:3: 934 daAuts
     D:2: 749 daAuts
     D:1: 687 daAuts
     D:4: 344 daAuts
